 Dungeon Crawl Stone Soup version 0.29-a0-477-g62b78b4225 (webtiles) character file.

Game seed: 11478693638012034000

395 siradein the Skirmisher (level 6, -3/55 HPs)
             Began as a Ghoul Fighter on May 24, 2022.
             Was a High Priest of Ignis.
             Slain by a yak (7 damage)
             ... on level 5 of the Dungeon on May 25, 2022.
             The game lasted 00:06:06 (4335 turns).

siradein the Skirmisher (Ghoul Fighter)             Turns: 4335, Time: 00:06:07

Health: -3/55      AC: 10    Str: 22    XL:     6   Next: 82%
Magic:  5/5        EV:  7    Int:  3    God:    Ignis [*****.]
Gold:   163        SH:  4    Dex:  8    Spells: 5/5 levels left

rFire   + . .      SeeInvis .   a - +0 flail
rCold   + . .      Faith    .   c - +0 buckler
rNeg    + + +      Spirit   .   s - +0 chain mail
rPois   ∞          Reflect  .   (no helmet)
rElec   .          Harm     .   h - +0 cloak
rCorr   .          Rampage  .   (no gloves)
Will    .....                   (no boots)
Stlth   ..........              (no amulet)
HPRegen 0.00/turn               (no ring)
MPRegen 0.09/turn               (no ring)

@: inhibited regen
A: claws 1, cold resistance 1, negative energy resistance 3, inhibited
regeneration, torment resistance 2, devour on kill
a: Renounce Religion, Fiery Armour, Foxfire Swarm, Rising Flame


You were on level 5 of the Dungeon.
You worshipped Ignis.
Ignis was extremely pleased with you.
You visited 1 branch of the dungeon, and saw 5 of its levels.

You collected 163 gold pieces.

Inventory:

Hand Weapons
 a - a +0 flail (weapon)
Missiles
 f - 2 boomerangs
 g - 6 poisoned darts
 j - 152 stones (quivered)
Armour
 c - a +0 buckler (worn)
 h - a +0 cloak (worn)
 s - a +0 chain mail (worn)
Scrolls
 b - 2 scrolls of magic mapping {unknown}
 e - 2 scrolls of vulnerability {unknown}
 i - a scroll of torment {unknown}
 k - 2 scrolls of blinking {unknown}
 l - 2 scrolls of identify {unknown}
 m - 3 scrolls of teleportation
 n - a scroll of enchant armour {unknown}
 o - 2 scrolls of fear {unknown}
 q - a scroll of enchant weapon {unknown}
 u - a scroll of amnesia {unknown}
 v - a scroll of immolation {unknown}
 x - a scroll of noise {unknown}
Potions
 d - a potion of might
 p - a potion of haste {unknown}
 r - a potion of attraction {unknown}
 t - 2 potions of curing {unknown}
 w - a potion of degeneration {unknown}
 z - a potion of heal wounds {unknown}


   Skills:
 + Level 4.9 Fighting
 + Level 3.4 Maces & Flails
 + Level 4.1 Armour
 + Level 4.0 Shields


You had 5 spell levels left.
You didn't know any spells.
Your spell library contained the following spells:

 Spells                   Type           Power      Damage    Failure   Level
 Alistair's Intoxication  Tmut/Pois      0%         N/A       100%        5
 Borgnjor's Vile Clutch   Necr/Erth      0%         N/A       100%        5
 Freezing Cloud           Conj/Ice/Air   0%         6-21      100%        5
 Eringya's Noxious Bog    Tmut/Pois      0%         N/A       100%        6
 Simulacrum               Ice/Necr       0%         N/A       100%        6
 Polar Vortex             Ice            0%         N/A       100%        9


Dungeon Overview and Level Annotations

Branches:
Dungeon (5/15)
 Temple: D:4-7

Altars:
Elyvilon
Makhleb
Ignis


Innate Abilities, Weirdness & Mutations

You are immune to poison.
You have sharp fingernails.
Your flesh is cold resistant. (rC+)
You are immune to negative energy. (rN+++)
You do not regenerate when monsters are visible.
You are immune to unholy pain and torment.
You thrive by killing the living.


Message History

The yak bellows!
You hear a bellow!
A yak comes into view.
There are monsters nearby!
There are monsters nearby!
Found 14 gold pieces.
A yak comes into view.
The yak bellows!
The yak gores you. The yak gores you!
You hit the yak.
The yak is lightly wounded.
The yak gores you but does no damage.
You closely miss the yak.
The yak is lightly wounded.
The yak gores you!
You hit the yak but do no damage.
The yak is lightly wounded.
The yak gores you! The yak gores you.
You barely miss the yak.
The yak is lightly wounded.
The yak gores you but does no damage.
You hit the yak but do no damage.
The yak is lightly wounded.
The yak barely misses you.
You hit the yak.
The yak is lightly wounded.
The yak gores you!
* * * LOW HITPOINT WARNING * * *
The yak gores you!
* * * LOW HITPOINT WARNING * * *
You sock the yak!
The yak is heavily wounded.
The yak closely misses you.
You barely miss the yak.
The yak is heavily wounded.
The yak barely misses you.
You hit the yak.
The yak is heavily wounded.
The yak gores you!
You die...

#............##
#.###.........# #.#
#.#.......#
##.###.#.......#######.
................>......
....##.##.##..#.#####.
....##.##.##..#.#
....##.##.##..#.#####..#
....##.##.##....@YYY...#
##.## #.##.##.#####..#
#.# #.##.##.# #.. ..
...... ....... .##.# .$
#.# ## #.


You could see 3 yaks.

Vanquished Creatures
  A water moccasin (D:4)
  A black bear (D:5)
  A jelly (D:5)
  An iguana (D:4)
  A gnoll (D:1)
  7 adders
  A worm (D:2)
  3 dart slugs
  An orc (D:5)
  3 bats
  7 endoplasms
  3 giant cockroaches
  6 goblins
  7 hobgoblins
  3 quokkas
  3 ball pythons
  4 frilled lizards
  8 kobolds
  6 rats
67 creatures vanquished.

Notes
Turn   | Place    | Note
-------+----------+-------------------------------------------
     0 | D:1      | siradein the Ghoul Fighter began the quest for the Orb.
     0 | D:1      | Reached XP level 1. HP: 19/19 MP: 0/0
     9 | D:1      | Found a faded altar of an unknown god.
    92 | D:1      | Prayed at the altar of an unknown god.
    92 | D:1      | Became a worshipper of Ignis, the Dying Flame
   118 | D:1      | Reached XP level 2. HP: 25/26 MP: 1/1
   490 | D:1      | Reached XP level 3. HP: 31/31 MP: 2/2
   742 | D:2      | Reached XP level 4. HP: 23/40 MP: 3/3
  2840 | D:4      | Noticed a water moccasin
  2866 | D:4      | Killed a water moccasin
  2867 | D:4      | Reached XP level 5. HP: 10/47 MP: 4/4
  3168 | D:4      | Reached XP level 6. HP: 50/53 MP: 5/5
  3664 | D:4      | Found a burning altar of Makhleb.
  3911 | D:5      | Entered Level 5 of the Dungeon
  4096 | D:5      | Noticed a black bear
  4128 | D:5      | Killed a black bear
  4319 | D:5      | Noticed a yak
  4319 | D:5      | Noticed a yak
  4320 | D:5      | Noticed a yak
  4335 | D:5      | Slain by a yak

Illustrated notes

Levels and vault maps discovered:
D:1:      dpeg_arrival_fog, layout_rooms, ebering_ecumenical_altar_mist
D:2:      minmay_angry_zag, layout_basic, chequers_serial_rivers_large_a,
          chequers_serial_rivers_micro_a
D:3:      layout_loops_corners, overflow_temple_1_default, serial_bayou_pond_c
D:4:      layout_basic, kennysheep_mini_moat, minmay_tree_intersection,
          minmay_misc_feat_rows
D:5:      layout_basic, okawaru_altar_gauntlet_db, minmay_temple_entry_poolview,
          st_stairs_9

Skill      XL: |  1  2  3  4  5  6 |
---------------+-------------------+-----
Maces & Flails | 2 3 |  3.4
Armour         | 3 4 |  4.1
Shields        | 3 4 |  4.0
Fighting       | 4 |  4.9

Action                   |  1- 3 |  4- 6 || total
-------------------------+-------+-------++-------
Melee: Flail             |    98 |   206 ||   304
  Use: Scroll            |       |     1 ||     1
Armor: Scale mail        |    53 |    51 ||   104
       Chain mail        |       |    57 ||    57
Dodge: Dodged            |    48 |    86 ||   134
Block: Buckler           |    18 |    41 ||    59

Table legend: (Time is in decaauts)
 A = Elapsed time spent in this place.
 B = Non-inter-level travel time spent in this place.
 C = Inter-level travel time spent in this place.
 D = Time resting spent in this place.
 E = Time spent auto-exploring this place.
 F = Levels seen in this place.
 G = Mean time per level.
                   A        B        C        D        E       F      G
               +--------+--------+--------+--------+--------+-----+--------+
         Total |   4455 |   4374 |     81 |     14 |   3562 |   5 |  891.0 |
       Dungeon |   4455 |   4374 |     81 |     14 |   3562 |   5 |  891.0 |
               +--------+--------+--------+--------+--------+-----+--------+

Top non-repeatable levels by time:
     D:4: 1237 daAuts
     D:2: 1065 daAuts
     D:3: 1008 daAuts
     D:1: 709 daAuts
     D:5: 434 daAuts
